 Dungeon Crawl Stone Soup version 0.30-a0-6-g7c9e10e132 (webtiles) character file.

Game seed: 1274859583066112917

41082 drpainis the Tortoise (level 13, -14/122 HPs)
             Began as a Minotaur Berserker on Aug 22, 2022.
             Was an Elder of Trog.
             Shot with an arrow by Nessos (21 damage)
             ... on level 5 of the Lair of Beasts.
             The game lasted 00:26:29 (26464 turns).

drpainis the Tortoise (Minotaur Berserker)         Turns: 26464, Time: 00:26:30

Health: -14/122    AC: 27    Str: 26    XL:     13   Next: 78%
Magic:  12/12      EV: 10    Int:  4    God:    Trog [****..]
Gold:   1392       SH:  9    Dex: 17    Spells: 12/12 levels left

rFire   . . .      SeeInvis +    q - +14 obsidian axe {vorpal, Mesm Drain Fly SInv}
rCold   . . .      Faith    .    Z - +0 kite shield
rNeg    . . .      Spirit   .    N - +1 plate armour
rPois   .          Reflect  .    (helmet restricted)
rElec   .          Harm     .    D - +0 cloak
rCorr   .          Rampage  .    e - +2 pair of gloves
Will    ++...                    o - +2 pair of boots
Stlth   ..........               (no amulet)
HPRegen 1.30/turn                t - +6 ring of dexterity
MPRegen 0.13/turn                (no ring)

@: lethally poisoned (-14 -> -51), about to teleport, strong-willed, on berserk
cooldown, flying, mesmerised, regenerating, slowed, very slow
A: horns 2, retaliatory headbutt
a: Renounce Religion, Berserk, Trog's Hand, Brothers in Arms


You were on level 5 of the Lair of Beasts.
You worshipped Trog.
Trog was greatly pleased with you.
You visited 2 branches of the dungeon, and saw 15 of its levels.
You also visited: Sewer.

You collected 1392 gold pieces.

Inventory:

Hand Weapons
 a - a +1 war axe of electrocution
 q - the +14 obsidian axe (weapon) {vorpal, Mesm Drain Fly SInv}
   (You acquired it on level 4 of the Lair of Beasts)

   It inflicts extra damage upon your enemies.
   It occasionally summons demons to assist the wielder when it strikes in
   combat.
   Its wielder is mesmerised by any visible foes.
   It cannot be unequipped while any foes are visible.
   SInv:      It lets you see invisible.
   Fly:       It grants you flight.
   Drain:     It drains your maximum health when unequipped.
 B - a +2 hammer of draining
 C - a +2 quarterstaff of chaos
 J - a +5 hand axe of venom
 T - a +1 demon whip of venom
 U - a +0 battleaxe
Missiles
 y - 5 silver javelins (quivered)
 L - 4 throwing nets
Armour
 b - a +0 leather armour
 e - a +2 pair of gloves (worn)
 o - a +2 pair of boots (worn)
 x - +0 fire dragon scales
 D - a +0 cloak (worn)
 N - a +1 plate armour (worn)
 Z - a +0 kite shield (worn)
Jewellery
 t - a +6 ring of dexterity (left hand)
Wands
 j - a wand of paralysis (10)
 u - a wand of flame (27)
 S - a wand of iceblast (12)
Scrolls
 c - 9 scrolls of teleportation
 d - a scroll of identify
 f - a scroll of immolation
 g - 2 scrolls of fog
 l - 2 scrolls of noise
 n - 5 scrolls of blinking
 w - a scroll of magic mapping
 A - a scroll of amnesia
 H - 2 scrolls of fear
 M - a scroll of summoning
Potions
 i - a potion of haste {unknown}
 k - a potion of berserk rage {unknown}
 m - 2 potions of invisibility
 v - 5 potions of might
 z - 3 potions of flight
 E - a potion of cancellation {unknown}
 P - 7 potions of ambrosia
 W - a potion of mutation {unknown}
 X - 2 potions of magic {unknown}
 Y - 3 potions of curing


   Skills:
 + Level 13.6 Fighting
 + Level 15.6(16.4) Axes
 + Level 8.5(13.1) Maces & Flails
 + Level 0.1 Throwing
 + Level 16.5 Armour
 + Level 6.9 Dodging
 + Level 3.1 Stealth
 + Level 3.2 Shields


You had 12 spell levels left.
You didn't know any spells.
Your spell library was empty.

Dungeon Overview and Level Annotations

Branches:
Dungeon (10/15)            Temple (0/1) D:7            Lair (5/5) D:10
 Shoals (0/4) Lair:2       Spider (0/4) Lair:2          Orc (0/2) D:10
  Sewer (visited)
  Slime: Lair:4-5

Altars:
Ashenzari
Cheibriados
Dithmenos
Elyvilon
Gozag
Kikubaaqudgha
Qazlal
Ru
Uskayaw
Xom
Yredelemnul
Zin
The Shining One

Shops:
D:2 *

Annotations:
D:3 2 transporters, ytrimaz's ghost, amateur DsTm
Lair:5 Nessos


Innate Abilities, Weirdness & Mutations

You have a pair of horns on your head.
You reflexively headbutt those who attack you in melee.


Message History

You break out of your daze!
The cane toad dies!
Visions of slaying Nessos flood into your mind.
You feel very sick.
Nessos shoots an arrow.
The arrow hits your smoke demon!! The arrow burns your smoke demon.
Your smoke demon dies!
Your smoke demon disappears in a puff of smoke!
Nessos shoots an arrow.
You block the arrow.
You feel a strong urge to attack something.
You feel very sick.
Nessos shoots an arrow.
The arrow hits you. The arrow burns you.
You are more poisoned.
Nessos mumbles some strange words.
Nessos blinks!
You are no longer berserk.
You are exhausted.
You feel yourself slow down.
You feel very sick.
Nessos shoots an arrow.
The arrow hits you. The arrow burns you.
You are more poisoned.
You feel much better.
You feel extremely sick.
A nearby plant withers and dies.
Nessos shoots an arrow.
The arrow hits you! The arrow burns you.
You are more poisoned.
Nessos shoots an arrow.
The arrow hits you. The arrow burns you.
You are more poisoned.
Nessos shoots an arrow.
The arrow hits you!
* * * LOW HITPOINT WARNING * * *
The arrow burns you.
You are more poisoned.
* * * LOW HITPOINT WARNING * * *
Unknown command.
As you read the scroll of teleportation, it crumbles to dust.
You feel strangely unstable.
* * * LOW HITPOINT WARNING * * *
You feel extremely sick.
Nessos shoots an arrow.
The arrow hits you!!
You die...

##...##..## ##....#....#
## ##....##....## .##
#.....#......# ...#
##....##......## ...#
#PP...#.....P..#...PP
.#####.....#.P....P.#PP...
..........................
.......[†@........<.......
....§...#..........÷÷.....
........................#.
.../...................##
...................P..##
###P...c..#.....#...###
##P#..##.#...#.#### ####.#
####### ###


You could see Nessos (mesmerising, fast).

Vanquished Creatures
  Josephine (Lair:4)
  A fire dragon (Lair:4)
  Harold (Lair:1)
  2 boulder beetles
  5 hydras
  A catoblepas (Lair:2)
  2 two-headed ogres (D:10)
  A centaur warrior (D:10)
  A death knight (D:10)
  2 tengu warriors (D:10)
  Urug (Lair:3)
  Amaemon (D:10)
  A wizard (D:10)
  An orc knight (D:10)
  A lindwurm (Lair:4)
  Pikel (D:7)
  A deep elf pyromancer (D:10)
  A manticore (Lair:2)
  3 black mambas
  An elephant (D:10)
  Joseph (D:9)
  4 torpor snails (Lair:2)
  An orange demon (D:10)
  9 cane toads
  3 unseen horror zombies (D:9)
  Psyche (D:10)
  9 rime drakes
  3 komodo dragons (Lair:4)
  A yaktaur (D:10)
  2 trolls
  A wind drake (Lair:2)
  3 hornets
  3 meliai (Lair:4)
  A queen bee (Lair:4)
  A polar bear (Lair:2)
  5 blink frogs (Lair:4)
  14 dream sheep
  Sigmund (D:4)
  10 yaks (D:10)
  5 wraiths (Lair:4)
  3 basilisks
  6 wyverns
  Grum (D:9)
  6 steam dragons (Lair:4)
  4 vampire mosquitoes (D:10)
  7 water moccasins
  3 orc warriors (D:8)
  An ice beast (D:7)
  A sky beast (D:7)
  3 black bears
  An ogre (D:6)
  2 phantoms (D:5)
  12 wolves
  7 centaurs
  2 kobold brigands
  5 bullfrogs
  Blork the orc (D:4)
  3 gnoll sergeants
  A necrophage (D:7)
  A wyvern zombie (D:9)
  4 scorpions
  18 killer bees
  A howler monkey (D:8)
  5 jellies
  10 orc priests
  Crazy Yiuf (D:6)
  4 hounds
  2 gnoll boudas
  3 iguanas
  7 orc wizards
  A killer bee zombie (D:9)
  4 howler monkey zombies (D:9)
  17 gnolls
  6 adders
  3 white imps
  An ufetubus (D:5)
  2 worms
  A dart slug (D:1)
  25 orcs
  12 ball pythons
  6 bats
  12 endoplasms
  7 giant cockroaches
  11 goblins
  3 hobgoblins
  22 kobolds
  3 quokkas
  6 frilled lizards
  11 rats
385 creatures vanquished.

Vanquished Creatures (others)
  A cane toad (Lair:5)
  A boggart (D:10)
  An orc wizard (D:9)
  10 fungi
  44 plants
  4 toadstools (D:1)
61 creatures vanquished.

Grand Total: 446 creatures vanquished

Notes
Turn   | Place    | Note
-------+----------+-------------------------------------------
     0 | D:1      | drpainis the Minotaur Berserker began the quest for the
                  | Orb.
     0 | D:1      | Reached XP level 1. HP: 19/19 MP: 0/0
   251 | D:1      | Reached XP level 2. HP: 27/27 MP: 1/1
   875 | D:1      | Reached XP level 3. HP: 22/33 MP: 2/2
  1146 | D:1      | Found a faded altar of an unknown god.
  1448 | D:2      | Reached ** piety under Trog
  1930 | D:2      | Found Woblotz's General Store.
  2462 | D:3      | Reached XP level 4. HP: 41/41 MP: 3/3
  2717 | D:3      | Noticed ytrimaz's ghost (amateur DsTm)
  2719 | D:3      | Found a transporter.
  2723 | D:3      | Found a transporter.
  3269 | D:4      | Noticed a scorpion
  3275 | D:4      | Killed a scorpion
  3276 | D:4      | Reached skill level 5 in Axes
  3276 | D:4      | Reached skill level 1 in Stealth
  3276 | D:4      | Reached XP level 5. HP: 47/47 MP: 4/4
  3463 | D:4      | Noticed Sigmund
  3467 | D:4      | Killed Sigmund
  3468 | D:4      | Reached skill level 5 in Fighting
  3468 | D:4      | Reached XP level 6. HP: 56/56 MP: 5/5
  3552 | D:4      | Noticed Blork the orc
  3565 | D:4      | Killed Blork the orc
  4226 | D:5      | Entered Level 5 of the Dungeon
  4509 | D:5      | Reached skill level 3 in Armour
  4509 | D:5      | Reached XP level 7. HP: 61/61 MP: 6/6
  4838 | D:5      | Found a glowing drain.
  4851 | Sewer    | Entered a sewer
  4990 | Sewer    | Found a viscous altar of Jiyva.
  5006 | Sewer    | Reached *** piety under Trog
  5219 | D:5      | Found a sacrificial altar of Ru.
  5842 | D:5      | Reached skill level 4 in Armour
  6262 | D:6      | Reached XP level 8. HP: 70/70 MP: 7/7
  6530 | D:6      | Reached skill level 5 in Armour
  6903 | D:6      | Found a broken altar of Ashenzari.
  7039 | D:6      | Found a runed translucent door.
  7040 | D:6      | Noticed Crazy Yiuf
  7075 | D:6      | Killed Crazy Yiuf
  7208 | D:6      | Reached skill level 6 in Armour
  7261 | D:6      | Found a shadowy altar of Dithmenos.
  7481 | D:7      | Noticed a hornet
  7496 | D:7      | Killed a hornet
  7497 | D:7      | Reached skill level 1 in Maces & Flails
  7497 | D:7      | Reached skill level 5 in Dodging
  8080 | D:7      | Reached skill level 7 in Armour
  8080 | D:7      | Reached XP level 9. HP: 72/78 MP: 8/8
  8296 | D:7      | Found an opulent altar of Gozag.
  8335 | D:7      | Found an ancient bone altar of Kikubaaqudgha.
  8335 | D:7      | Found a white marble altar of Elyvilon.
  8335 | D:7      | Found a glowing silver altar of Zin.
  8338 | D:7      | Found a hide-covered altar of Uskayaw.
  8340 | D:7      | Found a snail-covered altar of Cheibriados.
  8358 | D:7      | Noticed Pikel
  8365 | D:7      | Killed Pikel
  8366 | D:7      | Reached skill level 5 in Maces & Flails
  8817 | D:7      | Found a staircase to the Ecumenical Temple.
  8903 | D:7      | Reached skill level 8 in Armour
  9045 | D:8      | Noticed a troll
  9069 | D:7      | Killed a troll
  9465 | D:8      | Reached XP level 10. HP: 47/86 MP: 9/9
 10196 | D:8      | Reached skill level 9 in Armour
 10676 | D:9      | Reached **** piety under Trog
 10992 | D:9      | Found a shimmering altar of Xom.
 10992 | D:9      | Found a shimmering altar of Xom.
 10992 | D:9      | Found a shimmering altar of Xom.
 10993 | D:9      | Found a shimmering altar of Xom.
 10993 | D:9      | Found a shimmering altar of Xom.
 10994 | D:9      | Noticed Grum
 11011 | D:9      | Killed Grum
 11196 | D:9      | Found a stormy altar of Qazlal.
 11379 | D:9      | Noticed Joseph
 11393 | D:9      | Killed Joseph
 11520 | D:9      | Found a basalt altar of Yredelemnul.
 11665 | D:9      | Reached skill level 10 in Axes
 11675 | D:9      | Reached skill level 10 in Armour
 11857 | D:10     | Entered Level 10 of the Dungeon
 11952 | D:10     | Found a staircase to the Lair.
 11952 | D:10     | Noticed an elephant
 11965 | D:10     | Killed an elephant
 12010 | D:10     | Noticed a two-headed ogre
 12019 | D:10     | Killed a two-headed ogre
 12020 | D:10     | Reached XP level 11. HP: 97/97 MP: 10/10
 12102 | D:10     | Noticed a death knight
 12102 | D:10     | Noticed a deep elf pyromancer
 12102 | D:10     | Noticed a centaur warrior
 12102 | D:10     | Noticed a tengu warrior
 12131 | D:10     | Killed a tengu warrior
 12140 | D:10     | Killed a death knight
 12143 | D:10     | Killed a deep elf pyromancer
 12328 | D:10     | Killed a centaur warrior
 12329 | D:10     | Reached skill level 11 in Armour
 12612 | D:10     | Noticed a two-headed ogre
 12629 | D:10     | Killed a two-headed ogre
 12930 | D:10     | Noticed a boulder beetle
 12931 | D:10     | Noticed a five-headed hydra
 12933 | D:10     | Noticed a rakshasa
 12934 | D:10     | Noticed a wizard
 12948 | D:10     | Killed a ten-headed hydra
 12949 | D:10     | Reached skill level 10 in Fighting
 12953 | D:10     | Killed a wizard
 12960 | D:10     | Killed a boulder beetle
 12979 | D:10     | Noticed an orc knight
 12981 | D:10     | Noticed a tengu warrior
 13653 | D:10     | Noticed Psyche
 13658 | D:10     | Killed Psyche
 13725 | D:10     | Reached skill level 12 in Armour
 13813 | D:10     | Noticed Amaemon
 13825 | D:10     | Killed Amaemon
 14102 | D:10     | Reached XP level 12. HP: 76/108 MP: 11/11
 14648 | D:10     | Killed a tengu warrior
 15567 | D:10     | Found a glowing golden altar of the Shining One.
 15753 | D:10     | Found a staircase to the Orcish Mines.
 16064 | Lair:1   | Entered Level 1 of the Lair of Beasts
 16208 | Lair:1   | Noticed Harold
 16223 | Lair:1   | Killed Harold
 16343 | Lair:1   | Reached skill level 13 in Armour
 16963 | Lair:1   | Noticed a six-headed hydra
 16983 | Lair:1   | Killed a 16-headed hydra
 18133 | Lair:2   | Found a snail-covered altar of Cheibriados.
 18148 | Lair:2   | Reached skill level 14 in Armour
 18152 | Lair:2   | Reached ***** piety under Trog
 18197 | Lair:2   | Noticed a catoblepas
 18211 | Lair:2   | Killed a catoblepas
 18519 | Lair:2   | Found a hole to the Spider Nest.
 19002 | Lair:2   | Found a staircase to the Shoals.
 19185 | Lair:2   | Noticed a boulder beetle
 19205 | Lair:2   | Killed a boulder beetle
 19522 | Lair:2   | Noticed a five-headed hydra
 19530 | Lair:2   | Killed a ten-headed hydra
 20216 | Lair:3   | Reached XP level 13. HP: 96/118 MP: 12/12
 20530 | Lair:3   | Noticed Urug
 20546 | Lair:3   | Killed Urug
 20547 | Lair:3   | Reached skill level 15 in Axes
 20547 | Lair:3   | Reached skill level 15 in Armour
 24360 | Lair:4   | Reached skill level 1 in Shields
 24368 | Lair:4   | Reached skill level 16 in Armour
 24783 | Lair:4   | Noticed Josephine
 24798 | Lair:4   | Killed Josephine
 25396 | Lair:4   | Identified a scroll of acquirement
 25398 | Lair:4   | Acquired the +14 obsidian axe {vorpal, Mesm Drain Fly SInv}
 25398 | Lair:4   | Found the +14 obsidian axe {vorpal, Mesm Drain Fly SInv}
 25553 | Lair:4   | Noticed a fire dragon
 25567 | Lair:4   | Killed a fire dragon
 26020 | Lair:5   | Entered Level 5 of the Lair of Beasts
 26443 | Lair:5   | Noticed Nessos
 26464 | Lair:5   | Shot with an arrow by Nessos

Illustrated notes

Levels and vault maps discovered:
D:1:      ldierk_water_garden, layout_basic, shapermc_ecumenical_altar_petra,
          chequers_arboretum
D:2:      layout_basic, serial_shops, shop, st_stairs_2, nicolae_eternal_life
D:3:      layout_loops_ring, gammafunk_ghost_arena
D:4:      layout_basic, hangedman_abyss_or_decor_lesser_grid, grunt_decor_cap,
          uniq_sigmund, uniq_blork_the_orc
D:5:      minmay_evil_eye, layout_loops_ring, amcnicky_altar_gilded,
          serial_bayou, serial_bayou_pond_d, serial_bayou_pond_d,
          serial_bayou_pond_a, serial_bayou_ford_a, serial_bayou_shore_b,
          serial_bayou_shore_b, cheibrodos_sewer_entry_drain,
          cheibrodos_gnoll_hut
D:6:      layout_gridville, nicolae_ashenzari_skybound,
          grunt_dithmenos_smoke_and_mirrors, uniq_crazy_yiuf_cottage
D:7:      layout_basic, minitemple, minmay_temple_entry_gardened_gates,
          uniq_pikel
D:8:      layout_rooms, lemuel_another_geyser
D:9:      layout_layer_cave, xom_redecorated, mainiacjoe_overflow_chevrons,
          nicolae_yredelemnul_corpse_copse, amcnicky_mini_corridor_feature,
          uniq_joseph, uniq_grum
D:10:     minmay_the_grid_net [minmay_the_grid_fan,
          minmay_the_grid_outer_circle, minmay_the_grid_spikes,
          minmay_the_grid_garden, minmay_the_grid_plusring,
          minmay_the_grid_prize_four_corners], layout_layer_cave,
          tso_oasis_becter, david_lair_generic, orc_0_dummy, kennysheep_nub,
          uniq_psyche, uniq_amaemon
Lair:1:   layout_long_grid, grunt_megastairs_1, uniq_harold
Lair:2:   layout_misc_corridors, minmay_shoals_entry_beasts, dummy_spider_entry,
          minmay_stone_trees_small, kennysheep_snail_temple, grunt_megastairs_2
Lair:3:   layout_gridlike, lemuel_fruit_tree, uniq_urug
Lair:4:   layout_roguey, special_room [special_room_bee],
          bobbens_dragon_lair_wall, grunt_megastairs_5, uniq_josephine
Lair:5:   hangedman_lair_tendril_chambers, layout_hall_layers, wormcave,
          dpeg_slime_entry_corner, uniq_nessos

Skill      XL: |  1  2  3  4  5  6  7  8  9 10 11 12 13 |
---------------+----------------------------------------+-----
Axes           | 4 5 6 7 9 11 13 14 15 | 15.6
Fighting       | 4 5 6 7 9 10 12 13 | 13.6
Dodging        | 3 4 5 6 |  6.9
Stealth        | 1 2 3 |  3.1
Armour         | 3 4 7 8 10 12 14 16 | 16.5
Maces & Flails | 2 7 8 |  8.5
Shields        | 3 |  3.2
Throwing       | |  0.1

Action                   |  1- 3 |  4- 6 |  7- 9 | 10-12 | 13-15 || total
-------------------------+-------+-------+-------+-------+-------++-------
Melee: Hand axe          |   116 |    78 |   118 |   497 |   184 ||   993
       Headbutt          |    20 |    13 |    39 |   130 |    53 ||   255
       Punch             |       |       |     3 |     6 |       ||     9
       Mace              |       |       |   119 |    28 |       ||   147
       Broad axe         |       |       |       |       |    20 ||    20
Throw: Javelin           |       |       |       |       |     3 ||     3
Invok: Berserk           |       |     2 |    13 |    12 |    10 ||    37
       Trog's Hand       |       |       |     1 |     3 |     3 ||     7
  Use: Scroll            |       |       |       |    19 |     9 ||    28
       Potion            |       |       |       |     2 |    11 ||    13
 Stab: Sleeping          |     2 |     1 |       |       |       ||     3
Armor: Animal skin       |    24 |     7 |       |       |       ||    31
       Scale mail        |       |     6 |    90 |       |       ||    96
       Chain mail        |       |       |    51 |    79 |       ||   130
       Plate armour      |       |       |       |   284 |   190 ||   474
Dodge: Dodged            |    77 |    30 |   187 |   285 |   131 ||   710
Block: Kite shield       |       |       |       |       |    51 ||    51

Table legend: (Time is in decaauts)
 A = Elapsed time spent in this place.
 B = Non-inter-level travel time spent in this place.
 C = Inter-level travel time spent in this place.
 D = Time resting spent in this place.
 E = Time spent auto-exploring this place.
 F = Levels seen in this place.
 G = Mean time per level.
                   A        B        C        D        E       F      G
               +--------+--------+--------+--------+--------+-----+--------+
         Total |  26701 |  25805 |    896 |  12505 |  10239 |  16 | 1668.8 |
       Dungeon |  16220 |  15552 |    668 |   6341 |   7176 |  10 | 1622.0 |
          Lair |  10098 |   9871 |    227 |   6127 |   2858 |   5 | 2019.6 |
         Sewer |    382 |    382 |      0 |     36 |    204 |   1 |  382.0 |
               +--------+--------+--------+--------+--------+-----+--------+

Top non-repeatable levels by time:
    D:10: 3884 daAuts
  Lair:3: 3293 daAuts
  Lair:4: 2701 daAuts
     D:7: 2523 daAuts
  Lair:2: 2091 daAuts
  Lair:1: 1971 daAuts
     D:6: 1673 daAuts
     D:9: 1636 daAuts
     D:5: 1341 daAuts
     D:1: 1243 daAuts
     D:2: 1213 daAuts
     D:4: 1021 daAuts
     D:8: 903 daAuts
     D:3: 776 daAuts
   Sewer: 382 daAuts
